 Dungeon Crawl Stone Soup version 0.23.2-1-ga50397a6bc (webtiles) character file.

Game seed: 7657064679561748837

1832 Bainin the Fighter (level 8, -5/78 HPs)
             Began as a Minotaur Fighter on May 27, 2019.
             Slain by a death yak (22 damage)
             ... on level 8 of the Dungeon.
             The game lasted 00:15:51 (4598 turns).

Bainin the Fighter (Minotaur Fighter)               Turns: 4598, Time: 00:15:51

Health: -5/78      AC:  5    Str: 26    XL:     8   Next: 86%
Magic:  7/7        EV: 17    Int:  5    God:
Gold:   345        SH:  6    Dex: 14    Spells: 7/7 levels left

rFire    + . .     SeeInvis .   z - +2 falchion "Jeebause" {flame, rPois rF+ Str+4 Stlth-}
rCold    . . .     Gourm    .   j - +0 buckler (curse)
rNeg     . . .     Faith    .   s - +2 leather armour {MR+}
rPois    +         Spirit   .   (helmet restricted)
rElec    .         Reflect  .   w - -1 cloak (curse)
rCorr    .         Harm     .   (no gloves)
MR       +....                  (no boots)
Stlth    ..........             (no amulet)
HPRegen  0.23/turn              e - +3 ring of dexterity
MPRegen  0.10/turn              q - +3 ring of evasion

@: no status effects
A: retaliatory headbutt, horns 2
a: no special abilities


You were on level 8 of the Dungeon.
You were not hungry.

You visited 1 branch of the dungeon, and saw 7 of its levels.

You collected 345 gold pieces.

Inventory:

Hand Weapons
 a - a +0 war axe
 z - the +2 falchion "Jeebause" (weapon) {flame, rPois rF+ Str+4 Stlth-}
   (You found it on level 5 of the Dungeon)

   It has been specially enchanted to burn those struck by it, causing extra
   injury to most foes and up to half again as much damage against particularly
   susceptible opponents.
   Big, fiery blades are also staple armaments of hydra-hunters.
   It affects your strength (+4).
   It protects you from fire.
   It protects you from poison.
   It makes you less stealthy.
Armour
 b - a +0 scale mail
 c - a +1 shield
 j - a cursed +0 buckler (worn)
 s - a +2 leather armour of magic resistance (worn)
 w - a cursed -1 cloak (worn)
Jewellery
 e - a +3 ring of dexterity (left hand)
 o - an uncursed ring of ice
 q - a +3 ring of evasion (right hand)
Wands
 v - a wand of digging (2)
Scrolls
 d - a scroll of fear {unknown}
 g - a scroll of amnesia {unknown}
 h - 5 scrolls of enchant armour
 i - 3 scrolls of remove curse
 k - a scroll of noise {unknown}
 l - 2 scrolls of immolation {unknown}
 r - 5 scrolls of fog {unknown}
 u - a scroll of enchant weapon {unknown}
 x - a scroll of teleportation {unknown}
 y - a scroll of identify
Potions
 m - a potion of flight {unknown}
 n - 2 potions of lignification {unknown}
 p - 2 potions of heal wounds {unknown}
 t - a potion of haste {unknown}
Comestibles
 f - 14 rations
 A - 4 chunks of flesh


   Skills:
 * Level 9.6 Fighting
 + Level 3.3 Long Blades
 - Level 4.0 Axes
 + Level 5.0 Armour
 + Level 5.0 Dodging
 + Level 7.3 Shields


You had 7 spell levels left.
You didn't know any spells.
Your spell library contained the following spells:

 Spells                   Type           Power        Failure   Level  Hunger
 Animate Skeleton         Necr           N/A          52%         1    ##.....
 Apportation              Tloc           #.....       52%         1    ##.....
 Confusing Touch          Hex            #.....       52%         1    ##.....
 Summon Small Mammal      Summ           #...         52%         1    ##.....
 Confuse                  Hex            #.......     87%         3    ####...
 Gell's Gravitas          Tloc           #.........   87%         3    ####...
 Petrify                  Tmut/Erth      #.......     99%         4    #####..
 Metabolic Englaciation   Hex/Ice        #.........   100%        5    ######.
 Yara's Violent Unravell  Hex/Tmut       #.........   100%        5    ######.


Dungeon Overview and Level Annotations

Branches:
Dungeon (6/15)               Lair (0/6) D:8
 Temple: D:4-7

Altars:
Dithmenos
Fedhas
Hepliaklqana
Kikubaaqudgha
Xom


Innate Abilities, Weirdness & Mutations

You reflexively headbutt those who attack you in melee.
You have a pair of horns on your head.


Message History

The death yak barely misses you. You furiously retaliate!
You headbutt the death yak, but do no damage.
You riposte.
You hit the death yak but do no damage.
You headbutt the death yak, but do no damage.
The death yak is moderately wounded.
The orc wizard casts a spell.
The orc wizard blinks!
You barely miss the death yak. You headbutt the death yak!
The death yak is moderately wounded.
You block the death yak's attack.
Unknown command.
You hit the death yak. You burn the death yak.
The death yak is moderately wounded.
The death yak gores you.
You hit the death yak. You burn the death yak. You headbutt the death yak.
The death yak is heavily wounded.
The death yak gores you!!
* * * LOW HITPOINT WARNING * * *
The death yak gores you!!
You die...

...................
..................
................. ..
+.....o.........
...###...o!..........
......5YYo.....$.....
#ZYYYo.Y.........
#Y#Y####......... ..
#@# ##.Y....>. #.
#..!..##....... #
#####.# .......
....... #.#....
#####.


You could see 6 death yaks, an orc priest, an orc wizard, a shadow imp and an
orc.

Vanquished Creatures
  A death yak (D:8)
  2 ogres
  A phantom (D:5)
  A gnoll sergeant (D:5)
  2 scorpions
  2 howler monkeys
  2 crimson imps (D:5)
  2 hounds
  3 orc priests (D:4)
  A jelly (D:6)
  2 iguanas
  3 orc wizards (D:4)
  3 worker ants
  A hound skeleton (D:5)
  Robin (D:4)
  2 howler monkey skeletons
  4 adders
  7 gnolls
  3 shadow imps
  An ooze (D:5)
  An adder skeleton (D:4)
  3 worms
  2 dart slugs
  5 leopard geckos
  21 orcs
  3 giant cockroaches
  13 goblins
  9 hobgoblins
  5 jackals
  2 quokkas
  A ball python (D:1)
  6 bats
  11 frilled lizards
  5 kobolds (D:1)
  A leopard gecko skeleton (D:6)
  A quokka skeleton (D:4)
  5 rats
138 creatures vanquished.

Vanquished Creatures (others)
  A frilled lizard (D:5)
1 creature vanquished.

Grand Total: 139 creatures vanquished

Notes
Turn   | Place    | Note
-------+----------+-------------------------------------------
     0 | D:1      | Bainin the Minotaur Fighter began the quest for the Orb.
     0 | D:1      | Reached XP level 1. HP: 19/19 MP: 0/0
   145 | D:1      | Reached skill level 4 in Fighting
   148 | D:1      | Reached XP level 2. HP: 27/27 MP: 1/1
   632 | D:2      | Reached XP level 3. HP: 25/34 MP: 2/2
   987 | D:2      | Reached skill level 5 in Fighting
  1258 | D:3      | Found a blossoming altar of Fedhas.
  1258 | D:3      | Found an ancient bone altar of Kikubaaqudgha.
  1641 | D:3      | Found a shadowy altar of Dithmenos.
  1649 | D:3      | Reached XP level 4. HP: 37/42 MP: 3/3
  1723 | D:3      | Found a hazy altar of Hepliaklqana.
  2122 | D:4      | Reached skill level 1 in Dodging
  2181 | D:4      | Reached XP level 5. HP: 5/50 MP: 4/4
  2451 | D:4      | Reached skill level 6 in Fighting
  2555 | D:4      | Noticed Robin
  2572 | D:4      | Reached skill level 5 in Shields
  2574 | D:4      | Killed Robin
  2714 | D:4      | Reached XP level 6. HP: 39/58 MP: 5/5
  3427 | D:4      | Reached skill level 7 in Fighting
  3746 | D:5      | Entered Level 5 of the Dungeon
  3854 | D:5      | Reached XP level 7. HP: 62/66 MP: 6/6
  4138 | D:5      | Found a shimmering altar of Xom.
  4160 | D:5      | Got a pitted scale mail
  4178 | D:5      | Reached skill level 8 in Fighting
  4189 | D:5      | Got a brightly glowing falchion
  4192 | D:5      | Identified the +0 scale mail "Dollifag" {rElec MP+9 Str+5
                  | Slay-2} (You found it on level 5 of the Dungeon)
  4193 | D:5      | Identified the +2 falchion "Jeebause" {flame, rPois rF+
                  | Str+4 Stlth-} (You found it on level 5 of the Dungeon)
  4397 | D:5      | Reached skill level 1 in Long Blades
  4491 | D:6      | Reached XP level 8. HP: 75/75 MP: 7/7
  4571 | D:6      | You fall through a shaft for 2 floors!
  4571 | D:8      | Found a staircase to the Lair.
  4571 | D:8      | Noticed a death yak
  4571 | D:8      | Noticed a death yak
  4571 | D:8      | Noticed a death yak
  4571 | D:8      | Noticed a death yak
  4571 | D:8      | Noticed a death yak
  4572 | D:8      | Noticed a death yak
  4588 | D:8      | Noticed a death yak
  4588 | D:8      | Noticed a death yak
  4592 | D:8      | Killed a death yak
  4592 | D:8      | Reached skill level 9 in Fighting
  4592 | D:8      | Reached skill level 5 in Armour
  4592 | D:8      | Reached skill level 5 in Dodging
  4598 | D:8      | Slain by a death yak

Skill      XL: |  1  2  3  4  5  6  7  8 |
---------------+-------------------------+-----
Fighting       | 4 5 6 7 8 9 |  9.6
Shields        | 4 5 6 7 |  7.3
Dodging        | 1 2 3 4 5 |  5.0
Axes           | 3 4 |  4.0
Long Blades    | 1 3 |  3.3
Armour         | 5 |  5.0

Action                   |  1- 3 |  4- 6 |  7- 9 || total
-------------------------+-------+-------+-------++-------
Melee: War axe           |    93 |   113 |    31 ||   237
       Headbutt          |    18 |    29 |    30 ||    77
       Falchion          |       |       |    56 ||    56
  Use: Scroll            |     4 |       |     2 ||     6
       Potion            |       |     1 |     1 ||     2
  Eat: Chunk             |     2 |     7 |     3 ||    12
Armor: Scale mail        |    52 |       |       ||    52
       Leather armour    |     6 |    24 |    11 ||    41
Dodge: Dodged            |    69 |    96 |    72 ||   237
Block: Shield            |     1 |       |       ||     1
       Buckler           |     4 |    44 |    32 ||    80
       Rpst.: Falchion   |       |       |    11 ||    11
